 Dungeon Crawl Stone Soup version 0.25-a0-517-gf8b3a32422 (webtiles) character file.

Game seed: 508954571236066847, levelgen mode: deterministic

192540 Flugslaktarn the Severer (level 17, -7/159 HPs)
             Began as a Deep Dwarf Fighter on Feb 18, 2020.
             Was the Champion of Makhleb.
             Mangled by an eight-headed hydra (9 damage)
             ... on level 4 of the Swamp.
             The game lasted 00:17:46 (18393 turns).

Flugslaktarn the Severer (Deep Dwarf Fighter)      Turns: 18393, Time: 00:17:47

Health: -7/159     AC: 30    Str: 26    XL:     17   Next: 61%
Magic:  25/25 (16) EV: 11    Int: 10    God:    Makhleb [******]
Gold:   2477       SH: 16    Dex: 12    Spells: 16/16 levels left

rFire    . . .     SeeInvis .   l - +8 broad axe (vamp)
rCold    . . .     Gourm    .   T - +2 kite shield
rNeg     + . .     Faith    +   N - +0 plate armour
rPois    +         Spirit   .   X - +2 helmet "Teom Vum" {*Slow rElec Regen+}
rElec    +         Reflect  .   V - scarf {cloud immunity}
rCorr    .         Harm     .   g - +2 pair of gloves
MR       ++...                  F - +0 pair of boots of Janaokke {Regen+ MP+9}
Stlth    ..........             P - amulet of faith
HPRegen  0.00/turn              p - +5 ring of protection
MPRegen  0.19/turn              o - ring of poison resistance

@: non-regenerating, slowed, very slow
A: damage resistance, heal wounds, negative energy resistance 1, sense
surroundings 2, no regeneration
}: 1/15 runes: gossamer
a: Heal Wounds, Minor Destruction, Lesser Servant of Makhleb, Major Destruction,
Greater Servant of Makhleb, Renounce Religion


You were on level 4 of the Swamp.
You worshipped Makhleb.
Makhleb was exalted by your worship.
You were not hungry.

You visited 5 branches of the dungeon, and saw 30 of its levels.
You visited 1 bazaar.
You also visited: Bailey and Gauntlet.

You collected 2477 gold pieces.

Inventory:

Hand Weapons
 l - a +8 vampiric broad axe (weapon)
   (You acquired it on level 3 of the Lair of Beasts)
Missiles
 M - 2 throwing nets (quivered)
Armour
 g - a +2 pair of gloves (worn)
   (You found it on level 8 of the Dungeon)
 F - the +0 pair of boots of Janaokke (worn) {Regen+ MP+9}
   (You acquired it on level 3 of the Lair of Beasts)

   It affects your magic capacity (+9).
   It increases your rate of regeneration.
   If you remove this armour, your AC will decrease by 2 (30 -> 28).
 N - a +0 plate armour (worn)
   (You found it on level 11 of the Dungeon)
 O - a +2 helmet
   (You took it off Robin on level 2 of the Dungeon)
 T - a +2 kite shield (worn)
   (You took it off a tengu warrior on level 13 of the Dungeon)
 V - a scarf of cloud immunity (worn)
   (You found it on level 14 of the Dungeon)
 X - the +2 helmet "Teom Vum" (worn) {*Slow rElec Regen+}
   (You found it in a Gauntlet)

   It insulates you from electricity.
   It increases your rate of regeneration.
   It may slow you when you take damage.
   If you remove this armour, your AC will decrease by 4 (30 -> 26).
Jewellery
 c - an uncursed ring of protection from cold
   (You found it on level 3 of the Dungeon)
 f - an uncursed ring of protection from fire
   (You found it in a bailey)
 i - an uncursed ring of see invisible
   (You found it on level 5 of the Dungeon)
 m - an uncursed ring of protection from magic
   (You found it on level 13 of the Dungeon)
 o - a ring of poison resistance (right hand)
   (You found it on level 12 of the Dungeon)
 p - a +5 ring of protection (left hand)
   (You found it on level 9 of the Dungeon)
 A - an uncursed ring of fire
   (You found it on level 3 of the Lair of Beasts)
 H - a +2 ring of intelligence {unknown}
   (You found it on level 4 of the Swamp)
 P - an amulet of faith (around neck)
   (You found it on level 11 of the Dungeon)
Wands
 v - a wand of digging (4)
   (You found it on level 13 of the Dungeon)
 y - a wand of paralysis (15)
   (You found it on level 4 of the Dungeon)
 D - a wand of acid (10)
   (You found it on level 9 of the Dungeon)
 Q - a wand of scattershot (9)
   (You found it on level 11 of the Dungeon)
 W - a wand of iceblast (14)
   (You found it on level 15 of the Dungeon)
 Z - a wand of clouds (3)
   (You found it on level 3 of the Swamp)
Scrolls
 a - 2 scrolls of fear
 t - a scroll of teleportation
 u - 6 scrolls of remove curse
 z - 4 scrolls of blinking
 C - 2 scrolls of immolation
 L - a scroll of torment
 R - a scroll of vulnerability
 S - 9 scrolls of enchant armour
 U - a scroll of fog
 Y - a scroll of silence
Potions
 b - a potion of cancellation {unknown}
 d - 4 potions of might
 h - 2 potions of haste
 j - 6 potions of magic
 k - 3 potions of berserk rage
 n - 2 potions of lignification
 q - 9 potions of curing
 r - a potion of resistance {unknown}
 s - 5 potions of agility
 w - 7 potions of heal wounds
 x - 2 potions of flight
 E - 2 potions of invisibility
 G - 2 potions of mutation
 I - 2 potions of ambrosia
 K - 3 potions of brilliance
Miscellaneous
 J - a sack of spiders
Comestibles
 e - 34 rations


   Skills:
 + Level 12.0 Fighting
 + Level 16.9 Axes
 + Level 14.0 Armour
 + Level 8.5 Dodging
 + Level 14.0 Shields
 - Level 15.1 Invocations
 - Level 6.0 Evocations


You had 16 spell levels left.
You didn't know any spells.
Your spell library was empty.

Dungeon Overview and Level Annotations

Branches:
Dungeon (15/15)            Temple (1/1) D:7            Lair (6/6) D:9
  Swamp (4/4) Lair:4       Spider (4/4) Lair:2          Orc (0/2) D:10
 Vaults (0/5) D:14         Depths (0/5) D:15         Bailey (visited)
Gauntlet (visited)
  Slime: Lair:5-6

Altars:
Ashenzari
Cheibriados
Dithmenos
Elyvilon
Fedhas
Gozag
Hepliaklqana
Kikubaaqudgha
Makhleb
Nemelex Xobeh
Okawaru
Qazlal
Ru
Sif Muna
Trog
Uskayaw
Vehumet
Wu Jian
Xom
Yredelemnul
Zin

Shops:
D:6 %

Annotations:
D:13 1 runed translucent door, Qaryups's ghost, journeyman DrSk
Lair:1 1 runed translucent door, Voschym's ghost, journeyman GnFi
Lair:3 exclusion: oklob plant
Lair:6 exclusion: oklob plant
Swamp:4 Bai Suzhen


Innate Abilities, Weirdness & Mutations

You are resistant to damage.
You can heal yourself by infusing magical energy.
You resist negative energy. (rN+)
You passively map the area around you.
You do not regenerate.


Message History

Your cacodemon gestures at the eight-headed hydra.
The eight-headed hydra seems to slow down.
Your blizzard demon hits the swamp drake.
The swamp drake dies!
Makhleb accepts your kill.
You hear a deafening roar!
You hear a roar! x3
Lightning arcs down from a storm cloud!
You hear a roar! x2
Your cacodemon hits the eight-headed hydra! x2
The eight-headed hydra bites your blizzard demon but does no damage.
The eight-headed hydra bites your blizzard demon!
The eight-headed hydra bites your blizzard demon but does no damage.
The eight-headed hydra bites your blizzard demon.
The eight-headed hydra bites your blizzard demon but does no damage.
The eight-headed hydra barely misses your blizzard demon. x2
The eight-headed hydra bites your blizzard demon.
The eight-headed hydra bites you but does no damage.
You block the eight-headed hydra's attack. x3
The eight-headed hydra bites you!
You die...

, , .≈≈ , * *
♣≈≈. ≈ * ♣♣≈≈.*
, * .♣♣≈... * *
, ≈ ≈..≈..≈.♣♣
*≈ ,≈≈ ≈
....≈≈≈≈≈♣
♣♣♣♣♣♣ * **
.≈≈≈≈≈°†♣♣°..≈≈≈
*
♣.≈≈≈≈≈°@°°§≈..≈
≈ *
*.♣≈≈≈≈2D°.≈..≈≈
≈ **, *
*♣♣≈.°°D2°≈.≈♣≈
* ♣.♣°°°D§°≈≈.≈≈
≈ ≈
♣≈,♣≈°°D§.≈≈..≈
, ≈ ♣
♣♣°°.k§≈≈≈≈..**
, * *
♣.§≈.§≈≈≈.... ,
* ♣.≈.≈§≈≈.≈..?*
* ≈
♣♣♣≈.≈♣....≈≈≈.*


You could see Bai Suzhen, 2 eight-headed hydras, a four-headed hydra, a swamp
drake, a friendly cacodemon and a friendly blizzard demon.

Vanquished Creatures
  A ghost moth (Spider:4)
  2 emperor scorpions (Spider:4)
  3 entropy weavers
  A very ugly thing (Swamp:3)
  A minotaur (Gauntlet)
  2 spark wasps (Spider:4)
  7 hydras
  4 vault guards (D:14)
  2 shambling mangroves (Swamp:3)
  Harold (D:10)
  A death knight (D:15)
  8 centaur warriors
  5 alligators
  9 two-headed ogres
  A queen ant (Lair:6)
  6 death yaks (Lair:3)
  An ogre mage (D:15)
  3 tengu warriors
  3 unseen horrors
  A glowing orange brain (D:15)
  A wizard (Gauntlet)
  An orc knight (Bailey)
  Pikel (D:4)
  18 wolf spiders
  8 ugly things
  2 manticores
  16 orb spiders
  An oklob plant (Gauntlet)
  3 cyclopes
  A deep elf mage (D:12)
  6 elephants
  2 moths of wrath
  A worldbinder (Gauntlet)
  Joseph (D:7)
  4 black mambas
  4 centaur zombies
  2 molten gargoyles (Lair:6)
  3 centaur skeletons
  A torpor snail (shapeshifter) (D:15)
  2 torpor snails (Spider:3)
  13 spiny frogs
  A rime drake (Lair:1)
  4 gargoyles
  4 komodo dragons
  7 demonic crawlers
  An efreet (D:14)
  5 trolls
  A meliai (Spider:4)
  2 tyrant leeches (Swamp:3)
  A polar bear (shapeshifter) (D:15)
  17 jumping spiders
  13 hornets
  Grinder (D:4)
  7 hippogriffs
  13 blink frogs
  25 slime creatures
  4 bog bodies
  46 redbacks
  Sigmund (D:4)
  A centaur simulacrum (Gauntlet)
  21 tarantellas
  A spriggan (Swamp:3)
  A shadow (Swamp:2)
  7 wyverns
  46 yaks
  3 basilisks
  Eustachio (D:5)
  3 hungry ghosts
  6 vampire mosquitoes
  Menkaure (D:5)
  7 swamp worms
  6 insubstantial wisps (Swamp:3)
  2 wargs (D:9)
  A naga (shapeshifter) (D:14)
  8 soldier ants
  A hell hound (Lair:6)
  9 water moccasins
  4 acid dragons
  6 swamp drakes
  5 porcupines
  9 orc warriors
  4 eyes of draining
  A black bear (shapeshifter) (D:15)
  8 sky beasts
  2 black bears
  3 ice beasts
  A necrophage (D:7)
  9 ogres
  3 boggarts (Gauntlet)
  3 phantoms
  16 wolves
  7 crocodiles
  17 centaurs
  A big kobold (D:9)
  A gnoll sergeant (D:7)
  A wyvern zombie (D:2)
  17 bullfrogs
  A spiny frog simulacrum (Gauntlet)
  Blork the orc (D:5)
  5 scorpions
  A wyvern skeleton (D:13)
  10 killer bees
  An electric eel (Spider:1)
  15 wights
  3 howler monkeys (D:13)
  9 crimson imps
  A quasit (D:8)
  2 bullfrog skeletons
  11 hounds
  3 jellies
  8 orc priests
  A bullfrog zombie (D:6)
  Ijyb (D:5)
  6 iguanas
  19 orc wizards
  30 worker ants
  A killer bee zombie (D:9)
  A bullfrog simulacrum (Gauntlet)
  2 hound skeletons
  A worker ant zombie (D:8)
  Robin (D:2)
  11 adders
  8 gnolls
  A howler monkey skeleton (D:7)
  4 shadow imps
  A white imp (Gauntlet)
  2 adder zombies
  An ooze (D:7)
  3 adder skeletons
  A worm (Lair:2)
  5 dart slugs
  3 leopard geckos
  65 orcs
  2 ball pythons (D:4)
  3 bats
  5 giant cockroaches
  17 goblins
  12 hobgoblins
  14 jackals
  4 quokkas
  A ball python skeleton (D:5)
  6 frilled lizards
  A jackal zombie (D:7)
  19 kobolds
  2 leopard gecko zombies (D:7)
  A quokka skeleton (D:10)
  3 rats
  7 fungi
  3 plants
  A withered plant (Gauntlet)
889 creatures vanquished.

Vanquished Creatures (collateral kills)
  A swamp drake (Swamp:4)
1 creature vanquished.

Vanquished Creatures (others)
  An alligator (Swamp:2)
  A swamp dragon (Swamp:4)
  6 fungi (Lair:6)
  2 plants
  6 withered plants (Gauntlet)
16 creatures vanquished.

Grand Total: 906 creatures vanquished

Notes
Turn   | Place    | Note
-------+----------+-------------------------------------------
     0 | D:1      | Flugslaktarn the Deep Dwarf Fighter began the quest for the
                  | Orb.
     0 | D:1      | Reached XP level 1. HP: 20/20 MP: 1/1
   179 | D:1      | Reached XP level 2. HP: 21/27 MP: 2/2
   367 | D:2      | Reached skill level 3 in Axes
   386 | D:2      | Reached XP level 3. HP: 22/33 MP: 3/3
   525 | D:2      | Noticed Robin
   545 | D:2      | Killed Robin
   545 | D:2      | Reached XP level 4. HP: 18/42 MP: 4/4
   591 | D:2      | Reached skill level 4 in Axes
   591 | D:2      | Reached XP level 5. HP: 36/49 MP: 5/5
   716 | D:2      | Found a bloodstained altar of Trog.
   964 | D:3      | Found a radiant altar of Vehumet.
  1079 | D:4      | Noticed a slave
  1081 | D:4      | Noticed a slave
  1082 | D:4      | Noticed Pikel
  1082 | D:4      | Noticed a slave
  1082 | D:4      | Noticed a slave
  1111 | D:4      | Killed Pikel
  1111 | D:4      | Reached skill level 5 in Axes
  1111 | D:4      | Reached skill level 5 in Armour
  1111 | D:4      | Reached skill level 5 in Shields
  1111 | D:4      | Reached XP level 6. HP: 50/57 MP: 6/6
  1111 | D:4      | Reached XP level 7. HP: 56/64 MP: 7/7
  1141 | D:4      | Reached skill level 6 in Axes
  1274 | D:4      | Noticed Sigmund
  1288 | D:4      | Killed Sigmund
  1288 | D:4      | Reached XP level 8. HP: 40/73 MP: 7/7
  1323 | D:4      | Reached skill level 7 in Axes
  1345 | D:4      | Noticed Grinder
  1353 | D:4      | Paralysed by Grinder for 4 turns
  1364 | D:4      | Killed Grinder
  1498 | D:4      | Reached skill level 5 in Fighting
  1880 | D:5      | Entered Level 5 of the Dungeon
  1937 | D:5      | Noticed Eustachio
  1994 | D:5      | Killed Eustachio
  1994 | D:5      | Reached skill level 8 in Axes
  2074 | D:5      | Gained mutation: You passively map the area around you.
                  | [Deep Dwarf growth]
  2074 | D:5      | Reached XP level 9. HP: 33/81 MP: 6/6
  2110 | D:5      | Noticed Blork the orc
  2121 | D:5      | Killed Blork the orc
  2203 | D:5      | Noticed Ijyb
  2214 | D:5      | Killed Ijyb
  2235 | D:5      | Noticed Menkaure
  2247 | D:5      | Killed Menkaure
  2441 | D:6      | Reached skill level 9 in Axes
  2896 | D:6      | Found a hazy altar of Hepliaklqana.
  2896 | D:6      | Found a white marble altar of Elyvilon.
  2896 | D:6      | Found a stormy altar of Qazlal.
  2909 | D:6      | Found a hide-covered altar of Uskayaw.
  2999 | D:6      | Found Weejeopa's Food Shoppe.
  3316 | D:7      | Found a staircase to the Ecumenical Temple.
  3332 | Temple   | Entered the Ecumenical Temple
  3393 | Temple   | Became a worshipper of Makhleb the Destroyer
  3476 | D:7      | Found a flagged portal.
  3483 | Bailey   | Entered a bailey
  3489 | Bailey   | Noticed an orc knight
  3668 | Bailey   | Killed an orc knight
  3668 | Bailey   | Reached skill level 10 in Axes
  3668 | Bailey   | Reached XP level 10. HP: 39/92 MP: 5/5
  3889 | D:7      | Reached * piety under Makhleb
  4053 | D:7      | Noticed Joseph
  4074 | D:7      | Killed Joseph
  4661 | D:8      | Found a shimmering altar of Xom.
  4770 | D:8      | Found a shattered altar of Ashenzari.
  4930 | D:8      | Reached skill level 11 in Axes
  4966 | D:8      | Got a scorched ring mail
  4977 | D:8      | Identified the +5 ring mail "Zeqasmoh" {rElec Regen+ Str-4
                  | Dex+4} (You found it on level 8 of the Dungeon)
  5191 | D:9      | Reached ** piety under Makhleb
  5297 | D:9      | Found a staircase to the Lair.
  5305 | D:9      | Reached XP level 11. HP: 85/100 MP: 4/4
  5599 | D:9      | Found a sparkling altar of Nemelex Xobeh.
  5812 | D:10     | Entered Level 10 of the Dungeon
  5818 | D:10     | Reached skill level 12 in Axes
  5859 | D:10     | Reached *** piety under Makhleb
  6425 | D:10     | Found a staircase to the Orcish Mines.
  6506 | D:10     | Noticed Harold
  6523 | D:10     | Killed Harold
  6987 | D:11     | Noticed a purple ugly thing
  6998 | D:11     | Noticed a two-headed ogre
  7000 | D:11     | Killed a purple ugly thing
  7019 | D:11     | Killed a two-headed ogre
  7021 | D:11     | Reached skill level 13 in Axes
  7021 | D:11     | Reached skill level 10 in Armour
  7022 | D:11     | Reached **** piety under Makhleb
  7126 | D:11     | Reached skill level 10 in Shields
  7791 | D:12     | Reached XP level 12. HP: 112/112 MP: 5/5
  7852 | D:12     | Noticed a two-headed ogre
  7862 | D:12     | Killed a two-headed ogre
  8195 | D:12     | Found a gateway to a bazaar.
  8218 | Bazaar   | Entered a bazaar
  8218 | Bazaar   | Found Ichinoc's Antique Armour Shop.
  8244 | Bazaar   | Found Vanetz's General Store.
  8264 | Bazaar   | Found Fous's Antique Weapon Shop.
  8864 | D:12     | Reached ***** piety under Makhleb
  8965 | D:13     | Noticed a centaur warrior
  8975 | D:13     | Reached skill level 14 in Axes
  8984 | D:13     | Killed a centaur warrior
  9093 | D:13     | Found a runed translucent door.
  9094 | D:13     | Found a shimmering altar of Xom.
  9094 | D:13     | Noticed Qaryups's ghost (journeyman DrSk)
  9160 | D:13     | Noticed a tengu warrior
  9161 | D:13     | Noticed a tengu warrior
  9172 | D:13     | Killed a tengu warrior
  9202 | D:13     | Killed a tengu warrior
  9660 | D:14     | Found a gate to the Vaults.
  9660 | D:14     | Noticed a vault guard
  9660 | D:14     | Noticed a centaur warrior
  9660 | D:14     | Noticed a vault guard
  9660 | D:14     | Noticed a vault guard
  9662 | D:14     | Noticed a vault guard
  9678 | D:14     | Killed a vault guard
  9683 | D:14     | Killed a vault guard
  9683 | D:14     | Reached XP level 13. HP: 121/121 MP: 6/6
  9694 | D:14     | Reached skill level 15 in Axes
  9790 | D:14     | Noticed a balrug
  9905 | D:14     | Reached skill level 5 in Invocations
 10268 | D:14     | Reached skill level 1 in Evocations
 10366 | D:14     | Found a sacrificial altar of Ru.
 10575 | D:15     | Entered Level 15 of the Dungeon
 10681 | D:15     | Found a sparkling altar of Nemelex Xobeh.
 10697 | D:15     | Reached skill level 10 in Invocations
 10699 | D:15     | Reached skill level 5 in Evocations
 10816 | D:15     | Gained mutation: You resist negative energy. (rN+) [Deep
                  | Dwarf growth]
 10816 | D:15     | Reached XP level 14. HP: 124/130 MP: 12/12
 11185 | D:15     | Reached ****** piety under Makhleb
 11275 | D:15     | Found a staircase to the Depths.
 11601 | Lair:1   | Entered Level 1 of the Lair of Beasts
 11735 | Lair:1   | Found a runed translucent door.
 11743 | Lair:1   | Found a shimmering altar of Xom.
 11743 | Lair:1   | Noticed Voschym's ghost (journeyman GnFi)
 11765 | Lair:1   | Found a sparkling altar of Nemelex Xobeh.
 11897 | Lair:2   | Found a hole to the Spider Nest.
 12667 | Lair:3   | Identified 2 scrolls of acquirement
 12676 | Lair:3   | Identified the +0 pair of boots of Janaokke {Regen+ MP+9}
                  | (You acquired it on level 3 of the Lair of Beasts)
 13013 | Lair:3   | Reached skill level 15 in Invocations
 13028 | Lair:3   | Reached skill level 10 in Fighting
 13699 | Lair:4   | You fall into a shaft and drop 2 floors!
 13699 | Lair:6   | Entered Level 6 of the Lair of Beasts
 13721 | Lair:6   | Noticed an entropy weaver
 13721 | Lair:6   | Noticed an entropy weaver
 13737 | Lair:6   | Reached skill level 1 in Dodging
 13768 | Lair:6   | Found a gate leading to a gauntlet.
 13777 | Gauntlet | Entered a Gauntlet
 13777 | Gauntlet | Found a large runed translucent door.
 13777 | Gauntlet | Found a large runed translucent door.
 13777 | Gauntlet | Found a large runed translucent door.
 13777 | Gauntlet | Found a large runed translucent door.
 13777 | Gauntlet | Found a large runed translucent door.
 13777 | Gauntlet | Found a large runed translucent door.
 13777 | Gauntlet | Found a large runed translucent door.
 13777 | Gauntlet | Found a large runed translucent door.
 13777 | Gauntlet | Found a runed translucent door.
 13777 | Gauntlet | Found a runed translucent gate.
 13777 | Gauntlet | Found a transporter.
 13777 | Gauntlet | Found a transporter.
 13777 | Gauntlet | Found a runed translucent gate.
 13777 | Gauntlet | Found a transporter.
 13777 | Gauntlet | Found a transporter.
 13793 | Gauntlet | Found a transporter.
 13799 | Gauntlet | Found a transporter.
 13801 | Gauntlet | Found a transporter.
 13814 | Gauntlet | Found a transporter.
 13836 | Gauntlet | Found a transporter.
 13862 | Gauntlet | Found a transporter.
 13904 | Gauntlet | Found a runed translucent door.
 13905 | Gauntlet | Found a large runed translucent door.
 13905 | Gauntlet | Found a large runed translucent door.
 13905 | Gauntlet | Found a large runed translucent door.
 13905 | Gauntlet | Found a large runed translucent door.
 13906 | Gauntlet | Found a large runed translucent door.
 13906 | Gauntlet | Found a large runed translucent door.
 13907 | Gauntlet | Found a large runed translucent door.
 13907 | Gauntlet | Found a large runed translucent door.
 13916 | Gauntlet | Found a runed translucent gate.
 13922 | Gauntlet | Found a transporter.
 13934 | Gauntlet | Found a transporter.
 14134 | Gauntlet | Got a faintly humming helmet
 14145 | Gauntlet | Identified the +2 helmet "Teom Vum" {*Slow rElec Regen+}
                  | (You found it in a Gauntlet)
 14409 | Lair:6   | Killed an entropy weaver
 14527 | Lair:6   | Killed an entropy weaver
 14527 | Lair:6   | Reached XP level 15. HP: 138/138 MP: 14/14
 14879 | Lair:6   | Identified the -8 kite shield of Contentment {-Tele rPois
                  | rCorr Dex+3} (You acquired it on level 6 of the Lair of
                  | Beasts)
 15349 | Lair:4   | Found a staircase to the Swamp.
 15458 | Spider:1 | Entered Level 1 of the Spider Nest
 15576 | Spider:1 | Reached skill level 5 in Dodging
 15788 | Spider:1 | Reached skill level 16 in Axes
 16737 | Spider:4 | Entered Level 4 of the Spider Nest
 16864 | Spider:4 | Reached XP level 16. HP: 150/150 MP: 15/15
 17155 | Spider:4 | Got a gossamer rune of Zot
 17411 | Swamp:1  | Entered Level 1 of the Swamp
 17570 | Swamp:1  | Reached XP level 17. HP: 159/159 MP: 16/16
 18201 | Swamp:4  | Entered Level 4 of the Swamp
 18312 | Swamp:4  | Noticed Bai Suzhen
 18392 | Swamp:4  | HP: 2/159 [eight-headed hydra (6)]
 18393 | Swamp:4  | Mangled by an eight-headed hydra

Levels and vault maps discovered:
D:1:      beargit_arrival_greenhouse, layout_loops_corners, st_stairs_14
D:2:      layout_loops_ring, lightli_temple_of_fire, first_ration,
          chequers_avenue, uniq_robin, uniq_crazy_yiuf_cottage
D:3:      layout_basic, old_standard_altar, kennysheep_generic_room_10
D:4:      kennysheep_spiral_hall, layout_basic, uniq_pikel, uniq_grinder,
          uniq_sigmund
D:5:      layout_rooms, chequers_serial_rivers_marsh, dk_noncrumbling_3,
          uniq_ijyb, uniq_menkaure, uniq_blork_the_orc, uniq_eustachio
D:6:      layout_layer_cave, nicolae_overflow_quartered_altars, serial_shops,
          shop
D:7:      layout_loops_ring, minmay_temple_entry_offerings, enter_bailey_2,
          grunt_decor_cap, uniq_joseph
D:8:      layout_cave_pools, lemuel_doored_altar, xom_teletrap_fun
D:9:      layout_long_grid, erik_lair_orcish_takeover, basic_altar
D:10:     layout_grid_maze, hiddenorc1_lemuel, uniq_harold
D:11:     layout_irregular_city
D:12:     layout_grid_maze, serial_shops, bzr_entry_gold
D:13:     layout_irregular_city, ebering_ghost_xom
D:14:     layout_irregular_city, lightli_vaults_fourway_checkpoint,
          nicolae_ru_path_of_blood
D:15:     gammafunk_enter_depths_forms, layout_long_grid,
          nemelex_diamond_rough_becter
Temple:   regret_index_temple_waves
Lair:1:   layout_small_grid, ebering_ghost_xom, lemuel_centaur_altar,
          uniq_maggie
Lair:2:   layout_chaotic_city, nicolae_spider_entry_non_spiders
Lair:3:   layout_loops_ring, st_stairs_11, chequers_serial_rivers_micro_a,
          kennysheep_catoblepas_arena
Lair:4:   layout_regular_city, swamp_mist, gammafunk_ghost_wrathful_warriors,
          serial_bayou_shore_a
Lair:5:   layout_loops_ring, beast_lair_carwin_10
Lair:6:   cheibrodos_lair_end_hotspot, layout_misc_corridors,
          minmay_slime_entry_oklob_open, gauntlet_entry_generic,
          minmay_another_anthill
Swamp:1:  layout_basic_swamp, evilmike_swamp_ruin_rubble_2
Swamp:2:  layout_basic_swamp, nicolae_swamp_round_clearing, swamp_pool3,
          st_swamp_ruins_3, infiniplex_staircase_pool_2, uniq_donald,
          uniq_roxanne
Swamp:3:  layout_basic_swamp, nicolae_swamp_trees_clearing
Swamp:4:  swamp_basic_johnstein, layout_basic_swamp, uniq_bai_suzhen
Spider:1: layout_spider_delve
Spider:2: layout_spider_delve
Spider:3: layout_chambers
Spider:4: spider_rune_water, special_room [special_room_bee]

Skill      XL: |  1  2  3  4  5  6  7  8  9 10 11 12 13 14 15 16 17 |
---------------+----------------------------------------------------+-----
Axes           | 3 4 5 6 8 10 11 13 14 15 16 | 16.9
Fighting       | 3 4 5 6 7 8 9 10 11 12 | 12.0
Armour         | 4 5 6 7 9 10 11 12 13 14 | 14.0
Shields        | 4 5 6 7 9 10 11 12 13 14 | 14.0
Invocations    | 11 15 | 15.1
Evocations     | 6 |  6.0
Dodging        | 2 6 7 8 |  8.5

Action                   |  1- 3 |  4- 6 |  7- 9 | 10-12 | 13-15 | 16-18 || total
-------------------------+-------+-------+-------+-------+-------+-------++-------
Melee: War axe           |   100 |   100 |   451 |   809 |   535 |       ||  1995
       Broad axe         |       |       |       |       |   848 |   489 ||  1337
Invok: Greater Servant o |       |       |       |       |     1 |     2 ||     3
 Abil: Heal Wounds       |       |     3 |    17 |     8 |    15 |       ||    43
       Evoke Flight      |       |       |     1 |       |       |       ||     1
Evoke: Wand              |       |       |     7 |       |     7 |       ||    14
  Use: Scroll            |       |       |       |    17 |    27 |     5 ||    49
       Potion            |       |       |       |       |     3 |     2 ||     5
 Stab: Paralysed         |       |       |     5 |       |     3 |       ||     8
  Eat: Chunk             |       |     1 |     9 |    25 |    21 |     3 ||    59
       Ration            |       |       |       |       |     1 |     2 ||     3
Armor: Scale mail        |    41 |    46 |    12 |       |       |       ||    99
       Plate armour      |       |       |   225 |   272 |  1043 |   414 ||  1954
       Ring mail         |       |       |       |   117 |       |       ||   117
Dodge: Dodged            |    27 |    30 |    86 |   197 |   465 |   232 ||  1037
Block: Kite shield       |    51 |    63 |   272 |   516 |  1195 |   442 ||  2539

Table legend:
 A = Non-vault XP
 B = Vault XP
 C = Vault XP percentage of total XP
 D = Non-vault monster count
 E = Vault monster count
 F = Vault count percentage of total count
                 A         B        C        D         E       F
            +---------+---------+-------+---------+---------+-------
      Total |  143498 |   51049 |  26.2 |     668 |     213 |  24.2
            +---------+---------+-------+---------+---------+-------
        D:1 |      38 |       0 |   0.0 |      21 |       0 |   0.0
        D:2 |     137 |      36 |  20.8 |      14 |      12 |  46.2
        D:3 |     116 |       5 |   4.1 |      15 |       2 |  11.8
        D:4 |     660 |    1123 |  63.0 |      21 |       6 |  22.2
        D:5 |     857 |     491 |  36.4 |      20 |       4 |  16.7
        D:6 |     801 |       0 |   0.0 |      23 |       0 |   0.0
        D:7 |    1162 |     466 |  28.6 |      25 |       1 |   3.8
        D:8 |     874 |       0 |   0.0 |      13 |       0 |   0.0
        D:9 |    3297 |     587 |  15.1 |      51 |       8 |  13.6
       D:10 |    2131 |    1180 |  35.6 |      24 |      18 |  42.9
       D:11 |    4892 |       0 |   0.0 |      31 |       0 |   0.0
       D:12 |    7327 |       0 |   0.0 |      43 |       0 |   0.0
       D:13 |    7676 |       0 |   0.0 |      26 |       0 |   0.0
       D:14 |   14018 |    6230 |  30.8 |      50 |      12 |  19.4
       D:15 |   16685 |    4316 |  20.6 |      33 |       9 |  21.4
     Lair:1 |    1119 |     341 |  23.4 |       6 |       3 |  33.3
     Lair:2 |    3314 |     543 |  14.1 |      14 |       8 |  36.4
     Lair:3 |    9489 |     314 |   3.2 |      29 |       2 |   6.5
     Lair:4 |    4059 |       0 |   0.0 |      13 |       0 |   0.0
     Lair:5 |    2836 |    2840 |  50.0 |       9 |      11 |  55.0
     Lair:6 |    6314 |    7256 |  53.5 |      28 |      34 |  54.8
    Swamp:1 |    3748 |       0 |   0.0 |      11 |       0 |   0.0
    Swamp:2 |    1634 |       0 |   0.0 |       4 |       0 |   0.0
    Swamp:3 |   13149 |       0 |   0.0 |      35 |       0 |   0.0
    Swamp:4 |    2455 |     518 |  17.4 |       5 |       3 |  37.5
   Spider:1 |   16976 |       0 |   0.0 |      46 |       0 |   0.0
   Spider:2 |    1822 |       0 |   0.0 |       5 |       0 |   0.0
   Spider:3 |    6994 |       0 |   0.0 |      23 |       0 |   0.0
   Spider:4 |    8918 |   19392 |  68.5 |      30 |      40 |  57.1
     Bailey |       0 |    1392 | 100.0 |       0 |      26 | 100.0
   Gauntlet |       0 |    4019 | 100.0 |       0 |      14 | 100.0
            +---------+---------+-------+---------+---------+-------
